Map: Washout LE

Players

DnS - Winner!

  • Race: Protoss Protoss

Spirit (souL)

  • Race: Terran Terran
  • League: Master

VOD

Have the link to the VOD?

Description

Time

  • Played on: Oct. 21, 2026, 8:50 a.m.
  • Length: 9:13
Show
View Real Time Build Order
Export as new Build Order

DnS Protoss - Winner!

Build Orders: 1 Gate Expand, Blink Stalkers 

Get SALT Encoding   

  12  0:00  Probe  
  13  0:12  Probe  
  14  0:17  Pylon  
  14  0:24  Probe (Chrono Boost)  
  15  0:36  Gateway, Probe (Chrono Boost)  
  16  0:43  Probe (Chrono Boost)  
  16  0:45  Assimilator  
  17  0:50  Probe  
  18  1:03  Probe  
  19  1:15  Probe  
  20  1:21  Nexus  
  20  1:31  Cybernetics Core  
  20  1:34  Probe  
  21  1:42  Assimilator  
  21  1:46  Probe  
  22  1:49  Pylon  
  22  1:58  Probe  
  23  2:02  Adept (Chrono Boost)  
  23  2:08  Warp Gate  
  25  2:11  Probe  
  26  2:26  Probe (Chrono Boost)  
  26  2:28  Stalker  
  29  2:33  Probe (Chrono Boost), Twilight Council  
  31  2:42  Probe x2 (Chrono Boost)  
  32  2:47  Probe (Chrono Boost)  
  32  2:49  Probe  
  34  2:55  Stalker  
  36  2:59  Probe  
  36  3:01  Probe, Blink (Chrono Boost)  
  36  3:03  Gateway  
  38  3:11  Probe  
  39  3:13  Probe  
  39  3:17  Pylon  
  40  3:23  Probe  
  40  3:25  Probe  
  42  3:28  Robotics Facility  
  42  3:35  Probe  
  42  3:37  Probe  
  44  3:41  Gateway  
  44  3:43  Gateway  
  44  3:47  Probe  
  45  3:49  Probe  
  45  3:53  Stalker  
  45  3:55  Stalker  
  50  4:00  Probe  
  50  4:01  Probe  
  50  4:02  Pylon  
  52  4:07  Assimilator  
  52  4:08  Pylon  
  52  4:12  Probe  
  52  4:13  Probe  
  54  4:17  Warp Prism (Chrono Boost)  
  54  4:24  Stalker  
  58  4:26  Stalker  
  60  4:32  Stalker  
  60  4:35  Stalker  
  62  4:52  Stalker x2  
  66  5:01  Stalker  
  66  5:02  Stalker  
  66  5:05  Pylon  
  70  5:18  Nexus  
  70  5:20  Pylon  
  70  5:24  Probe x2  
  70  5:41  Stalker x4  
  76  5:43  Probe  
  76  5:48  Probe  
  76  5:49  Charge  
  76  5:57  Probe  
  77  5:59  Forge  
  77  6:02  Shield Battery  
  77  6:12  Stalker x4  
  77  6:17  Pylon  
  85  6:18  Pylon  
  85  6:19  Probe  
  86  6:27  Protoss Ground Weapons Level 1 (Chrono Boost)  
  86  6:30  Probe (Chrono Boost)  
  87  6:33  Probe (Chrono Boost)  
  87  6:38  Probe (Chrono Boost)  
  89  6:42  Probe (Chrono Boost)  
  89  6:46  Probe (Chrono Boost)  
  89  6:48  Gateway  
  89  6:50  Gateway, Robotics Bay  
  89  6:51  Probe  
  89  6:52  Gateway, Probe  
  91  6:56  Gateway  
  91  7:04  Observer  
  91  7:06  Zealot x4  
  100  7:11  Pylon  
  100  7:12  Pylon  
  98  7:21  Probe x2  
  98  7:22  Probe  
  93  7:30  Zealot x4  
  93  7:33  Shield Battery  
  93  7:34  Shield Battery  
  93  7:36  Colossus (Chrono Boost), Pylon  
  105  7:51  Sentry, Zealot x6  
  103  7:56  Zealot  
  111  8:13  Zealot x6  
  117  8:21  Colossus (Chrono Boost)  
  117  8:34  Probe x2  
  111  8:39  Zealot x3  
  117  8:45  Zealot x3  
  117  8:46  Nexus  
  117  8:47  Pylon  
  123  8:50  Forge  
  121  8:56  Zealot x2  
  123  9:06  Zealot x5  
Show
View Real Time Build Order
Export as new Build Order

Spirit Terran 

Build Orders: Reaper Expand 

Get SALT Encoding   

  12  0:00  SCV  
  13  0:13  SCV  
  14  0:16  Supply Depot  
  14  0:25  SCV  
  15  0:38  SCV  
  15  0:39  Barracks  
  16  0:43  Refinery  
  16  0:50  SCV  
  17  1:02  SCV  
  18  1:14  SCV  
  19  1:25  Reaper  
  19  1:27  Orbital Command  
  20  1:39  Command Center  
  20  1:50  Supply Depot  
  20  1:53  SCV  
  21  1:59  Marine  
  22  2:05  SCV  
  22  2:06  Factory  
  23  2:17  SCV  
  23  2:19  Bunker  
  23  2:22  Barracks Reactor  
  24  2:27  Refinery  
  24  2:29  SCV  
  25  2:41  SCV  
  26  2:50  Hellion  
  27  2:53  Orbital Command, SCV  
  27  2:56  Starport  
  28  2:59  Marine x2  
  28  3:05  SCV  
  31  3:12  Widow Mine  
  33  3:17  Marine x2, SCV  
  36  3:20  SCV  
  36  3:24  Supply Depot  
  37  3:29  SCV  
  37  3:32  SCV  
  37  3:33  Medivac  
  41  3:35  Widow Mine, Marine x2  
  41  3:40  Supply Depot  
  45  3:43  SCV  
  45  3:47  SCV  
  47  3:51  Barracks  
  47  3:53  Marine x2  
  47  3:54  Supply Depot  
  49  3:58  Factory Tech Lab  
  49  4:00  SCV  
  50  4:03  SCV  
  50  4:06  Starport Tech Lab  
  51  4:12  Engineering Bay, SCV  
  51  4:14  Refinery  
  51  4:15  SCV  
  51  4:17  Supply Depot  
  53  4:22  Siege Tank  
  57  4:24  SCV  
  57  4:25  Raven  
  57  4:26  Marine  
  57  4:28  Marine  
  61  4:33  SCV  
  61  4:34  Refinery  
  61  4:36  SCV  
  63  4:45  Barracks, Supply Depot  
  61  4:46  Terran Infantry Weapons Level 1  
  61  4:47  SCV  
  61  4:49  SCV  
  61  4:57  Marine x2  
  61  4:58  Stimpack, Marine  
  61  4:59  SCV  
  61  5:08  Factory Reactor  
  61  5:09  SCV  
  61  5:12  Supply Depot, SCV  
  61  5:13  Starport Reactor  
  63  5:15  Marine x2  
  63  5:17  Marauder  
  63  5:21  SCV  
  68  5:24  Missile Turret  
  68  5:25  SCV  
  69  5:32  Marine  
  69  5:33  Marine, SCV  
  72  5:38  Marauder  
  72  5:39  SCV  
  72  5:41  Marauder  
  73  5:43  Combat Shield  
  72  5:50  SCV, Marine  
  72  5:52  Marine  
  72  5:53  Medivac x2  
  72  5:57  SCV  
  77  6:00  Widow Mine x2, Marauder  
  77  6:02  SCV, Marauder  
  83  6:04  Supply Depot  
  83  6:09  SCV  
  83  6:10  Marine  
  79  6:15  SCV  
  78  6:20  Marine  
  78  6:21  Marauder  
  78  6:24  Marauder  
  78  6:25  Medivac  
  81  6:32  Marine  
  78  6:33  SCV x2  
  78  6:38  Marine, Concussive Shells  
  78  6:39  Medivac  
  83  6:42  Marauder  
  83  6:45  SCV, Marauder  
  85  6:49  SCV, Barracks  
  85  6:50  Marine, Barracks  
  85  6:54  Widow Mine x2  
  91  6:57  Marine, SCV  
  89  7:01  SCV  
  89  7:04  Terran Infantry Armor Level 1  
  89  7:05  Marauder  
  92  7:09  SCV  
  92  7:10  Medivac  
  92  7:15  SCV  
  96  7:22  SCV, Supply Depot, Marine, Marauder  
  100  7:24  Supply Depot  
  100  7:26  Marauder  
  100  7:27  SCV  
  101  7:30  Marine  
  102  7:38  Marine  
  102  7:39  Marine  
  102  7:40  Marine  
  102  7:41  SCV  
  102  7:44  Marauder  
  103  7:47  Marauder, Medivac  
  103  7:48  Medivac, Marine  
  104  7:56  Marine  
  104  7:58  SCV, Marine  
  107  8:02  Marine  
  107  8:05  Marauder, Widow Mine x2  
  114  8:06  Marine  
  114  8:09  Marauder  
  116  8:18  Marine  
  116  8:19  Marine  
  105  8:20  Marine  
  105  8:24  Marine  
  105  8:25  Medivac x2  
  105  8:26  Marine, Widow Mine x2  
  109  8:33  Marauder  
  100  8:36  Marine  
  100  8:37  Marine  
  100  8:38  Marine  
  103  8:41  Marine  
  103  8:44  Marine  
  103  8:48  Widow Mine x2  
  106  8:53  Marine  
Tags
 
Add a new tag
Caveats
  • Supply blocks, unpowered buildings, or Contaminate may cause inaccurate times.
  • Supply counts are checked every 10 seconds.